 Dungeon Crawl Stone Soup version 0.22.1-1-ga44c0e5 (webtiles) character file.

841 JeffiDaFish the Grave Robber (level 7, 0/36 HPs)
             Began as a Deep Elf Necromancer on Sept 28, 2018.
             Slain by a bullfrog (6 damage)
             ... on level 5 of the Dungeon.
             The game lasted 00:18:43 (6314 turns).

JeffiDaFish the Grave Robber (Deep Elf Necromancer) Turns: 6314, Time: 00:18:43

Health: 0/36       AC:  5    Str:  5    XL:     7   Next: 67%
Magic:  2/19       EV: 15    Int: 22    God:
Gold:   275        SH:  0    Dex: 15    Spells: 12/20 levels left

rFire    x . .     SeeInvis .   j - +1 rapier
rCold    + . .     Gourm    .   (no shield)
rNeg     . . .     Faith    .   a - +1 robe
rPois    .         Spirit   .   b - +0 helmet
rElec    .         Reflect  .   d - +0 cloak
rCorr    .         Harm     .   (no gloves)
MR       .....                  (no boots)
Stlth    ++........             (no amulet)
HPRegen  0.12/turn              g - ring of ice
MPRegen  0.16/turn              (no ring)

@: no status effects
A: fangs 1, mutation resistance 1
a: no special abilities


You were on level 5 of the Dungeon.
You were not hungry.

You visited 1 branch of the dungeon, and saw 6 of its levels.

You collected 275 gold pieces.

Inventory:

Hand Weapons
 j - a +1 rapier (weapon)
 k - a +0 dagger of chaos
Armour
 a - a +1 robe (worn)
 b - a +0 helmet (worn)
 d - a +0 cloak (worn)
 m - a scarf of cloud immunity
Jewellery
 g - a ring of ice (left hand)
 o - a +1 ring of protection {unknown}
Wands
 l - a wand of polymorph (11)
 n - a wand of paralysis (7)
Scrolls
 e - 2 scrolls of identify
 f - 2 scrolls of teleportation
 h - 2 scrolls of remove curse
 i - a scroll of magic mapping
Comestibles
 c - 13 rations


   Skills:
 + Level 3.1 Short Blades
 + Level 4.8 Dodging
 - Level 2.4 Stealth
 * Level 7.1 Spellcasting
 * Level 7.9 Necromancy


You had 12 spell levels left.
You knew the following spells:

 Your Spells              Type           Power        Failure   Level  Hunger
a - Pain                  Necr           ####         1%          1    None
b - Vampiric Draining     Necr           #####.....   1%          3    None
c - Animate Dead          Necr           N/A          3%          4    ###....

Your spell library contained the following spells:

 Spells                   Type           Power        Failure   Level  Hunger
 Animate Skeleton         Necr           N/A          1%          1    None
 Regeneration             Chrm/Necr      ####......   4%          3    None


Dungeon Overview and Level Annotations

Branches:
Dungeon (6/15)
 Temple: D:4-7

Altars:
Hepliaklqana
Nemelex Xobeh
Ru
Sif Muna
Xom
The Shining One


Innate Abilities, Weirdness & Mutations

You have very sharp teeth.
You are somewhat resistant to further mutation.


Message History

Confirm with . or Enter, or press ? or * to list all spells.
Aiming: Vampiric Draining (safe; 1% risk of failure)
Press: ? - help, Shift-Dir - straight line, f - bullfrog
Aim: a bullfrog The bullfrog is heavily wounded.
You feel life coursing into your body. The bullfrog hits you!
* * * LOW HITPOINT WARNING * * *
The worker ant bites you.
* * * LOW HITPOINT WARNING * * *
Casting: Vampiric Draining (safe; 1% risk of failure)
Confirm with . or Enter, or press ? or * to list all spells.
You don't have enough magic to cast that spell.
Casting: Vampiric Draining (safe; 1% risk of failure)
Confirm with . or Enter, or press ? or * to list all spells.
Aiming: Pain (safe; 1% risk of failure)
Press: ? - help, Shift-Dir - straight line, f/p - bullfrog
Aim: a bullfrog (heavily wounded, chance to defeat MR: 84%)
The bullfrog writhes in agony!
The bullfrog completely misses you. The worker ant closely misses you.
The bullfrog hits you.
You die...

#...# ##### #.# ##.## ##...## #.#
#.# ##.###.## #.# ##
##.########.## ##.###.# #.
.........#.#######.##.# #.
##.#####.......# #.##.# #. ##.###
###.###.###.##.# #. .....#
##.##.##F###.# #. .###.#
##.#.#@## #.# #. .# #.# ##..a##
#.# #( (###.# ###.# #.##########.
.....# #.# #.........##.
#..############.# #.#######.##.
..............#.# #.# ####.##.
#..#..#####.....#####.## #.<.....
#...............##.....###.##.###
#.##<.#####.............)..##....


You could see a bullfrog and a worker ant.

Vanquished Creatures
  An ogre (D:5)
  Blork the orc (D:5)
  A scorpion (D:5)
  A howler monkey (D:6)
  A crimson imp (D:3)
  A bullfrog zombie (D:6)
  A bullfrog skeleton (D:4)
  A jelly (D:2)
  A centaur skeleton (D:4)
  An orc priest (D:3)
  4 hounds
  An orc wizard (D:3)
  An iguana (D:4)
  3 worker ants (D:4)
  Robin (D:2)
  3 gnolls (D:4)
  4 adders
  A shadow imp (D:5)
  4 worms
  4 leopard geckos
  12 orcs
  4 bats
  3 giant cockroaches
  14 goblins
  7 hobgoblins
  A quokka (D:2)
  2 frilled lizards (D:2)
  7 kobolds
  A leopard gecko skeleton (D:3)
  5 rats
92 creatures vanquished.

Vanquished Creatures (collateral kills)
  An orc (D:3)
1 creature vanquished.

Grand Total: 93 creatures vanquished

Notes
Turn   | Place    | Note
-------+----------+-------------------------------------------
     0 | D:1      | JeffiDaFish the Deep Elf Necromancer began the quest for
                  | the Orb.
     0 | D:1      | Reached XP level 1. HP: 10/10 MP: 6/6
    88 | D:1      | Reached skill level 5 in Necromancy
   515 | D:1      | Reached XP level 2. HP: 14/15 MP: 6/8
  1168 | D:2      | Reached XP level 3. HP: 4/19 MP: 6/10
  1169 | D:2      | Reached skill level 1 in Short Blades
  1466 | D:2      | Learned a level 3 spell: Vampiric Draining
  1711 | D:2      | Reached XP level 4. HP: 23/24 MP: 9/12
  2108 | D:2      | Noticed Robin
  2115 | D:2      | Killed Robin
  2162 | D:2      | Learned a level 4 spell: Animate Dead
  2346 | D:3      | Found a hazy altar of Hepliaklqana.
  2414 | D:3      | Reached XP level 5. HP: 23/28 MP: 7/13
  2469 | D:3      | Found a shimmering altar of Xom.
  2804 | D:3      | Reached skill level 5 in Spellcasting
  3440 | D:3      | Found a sparkling altar of Nemelex Xobeh.
  3596 | D:3      | Found a glowing golden altar of the Shining One.
  3824 | D:4      | Reached XP level 6. HP: 28/32 MP: 9/15
  5038 | D:5      | Entered Level 5 of the Dungeon
  5083 | D:5      | Reached XP level 7. HP: 28/36 MP: 12/18
  5111 | D:5      | Gained mutation: You have very sharp teeth. [potion of
                  | mutation]
  5111 | D:5      | Gained mutation: You are somewhat resistant to further
                  | mutation. [potion of mutation]
  5132 | D:5      | Found a sacrificial altar of Ru.
  5990 | D:5      | Noticed Blork the orc
  6001 | D:5      | Killed Blork the orc
  6009 | D:5      | Found a deep blue altar of Sif Muna.
  6314 | D:5      | Slain by a bullfrog

Skill      XL: |  1  2  3  4  5  6  7 |
---------------+----------------------+-----
Necromancy     | 5 6 7 |  7.9
Short Blades   | 1 2 3 |  3.1
Dodging        | 3 4 |  4.8
Spellcasting   | 4 5 6 7 |  7.1
Stealth        | |  2.4

Action                   |  1- 3 |  4- 6 |  7- 9 || total
-------------------------+-------+-------+-------++-------
Melee: Unarmed           |    19 |       |       ||    19
       Short sword       |    11 |    68 |       ||    79
       Rapier            |       |    35 |    32 ||    67
       Bite              |       |       |     2 ||     2
 Cast: Pain              |    30 |   118 |    22 ||   170
       Animate Dead      |       |     5 |       ||     5
       Vampiric Draining |       |    10 |     8 ||    18
Evoke: Wand              |       |       |     4 ||     4
  Use: Scroll            |     5 |     4 |     4 ||    13
       Potion            |     2 |     3 |     5 ||    10
 Stab: Sleeping          |     4 |     1 |     1 ||     6
       Distracted        |       |     1 |       ||     1
       Paralysed         |       |       |     2 ||     2
  Eat: Chunk             |     2 |     9 |     1 ||    12
       Ration            |       |     1 |     1 ||     2
Armor: Robe              |    16 |    16 |     7 ||    39
Dodge: Dodged            |    30 |    98 |    39 ||   167
